 Dungeon Crawl Stone Soup version 0.28.0 (webtiles) character file.

Game seed: 9419851828276508341

21 crazypyro the Sneak (level 2, -2/19 HPs)
             Began as a Vampire Fire Elementalist on Feb 10, 2022.
             Succumbed to an adder's poison
             ... on level 1 of the Dungeon.
             The game lasted 00:02:22 (1560 turns).

crazypyro the Sneak (Vampire Fire Elementalist)     Turns: 1560, Time: 00:02:23

Health: -2/19      AC:  3    Str:  7    XL:     2   Next: 62%
Magic:  0/5        EV: 12    Int: 17    God:
Gold:   84         SH:  0    Dex: 14    Spells: 4/5 levels left

rFire   + . .      SeeInvis +   e - +0 whip
rCold   + . .      Faith    .   (no shield)
rNeg    . . .      Spirit   .   f - +1 robe {rC+ rF+}
rPois   .          Reflect  .   (no helmet)
rElec   .          Harm     .   (no cloak)
rCorr   .          Rampage  .   (no gloves)
Will    .....                   (no boots)
Stlth   ++........              (no amulet)
HPRegen 0.26/turn               (no ring)
MPRegen 0.09/turn               (no ring)

@: lethally poisoned (-2 -> -11), healing quickly
A: alive, fangs 3, see invisible, vampiric 1
a: Exsanguinate


You were on level 1 of the Dungeon.
You visited 1 branch of the dungeon, and saw 2 of its levels.

You collected 84 gold pieces.

Inventory:

Hand Weapons
 e - a +0 whip (weapon)
Armour
 a - a +0 robe
 f - a +1 robe of resistance (worn)
Scrolls
 g - 3 scrolls of enchant weapon {unknown}
Potions
 b - a potion of might {unknown}
 c - a potion of heal wounds {unknown}
 d - 2 potions of brilliance {unknown}


   Skills:
 - Level 2.2 Dodging
 - Level 3.0 Stealth
 + Level 2.3 Spellcasting
 + Level 1.0 Conjurations
 * Level 2.8 Fire Magic


You had 4 spell levels left.
You knew the following spells:

 Your Spells              Type           Power      Damage    Failure   Level
a - Foxfire               Conj/Fire      32%        2x1d5     9%          1

Your spell library contained the following spells:

 Spells                   Type           Power      Damage    Failure   Level
 Scorch                   Fire           22%        2d6       9%          2
 Conjure Flame            Conj/Fire      8%         6-21      26%         3
 Inner Flame              Hex/Fire       6%         N/A       30%         3
 Flame Wave               Conj/Fire      8%         2d5       63%         4


Dungeon Overview and Level Annotations

Branches:
Dungeon (2/15)

Altars:

Shops:
D:1 *


Innate Abilities, Weirdness & Mutations

Your natural rate of healing is accelerated.
You have razor-sharp teeth.
You have supernaturally acute eyesight. (SInv)
You are afflicted with vampirism.


Message History

A mysterious force pulls you upwards. The hatch slams shut behind you.
You feel sick.
You feel sick.
You feel sick. The adder closely misses you.
You feel sick.
You feel sick.
You are no longer poisoned.
The adder bites you.
There is an open door here.
You are too injured to fight recklessly!
The adder misses you. The adder barely misses you.
You miscast Foxfire.
You are very lightly contaminated with residual magic.
Nothing appears to happen.
The adder closely misses you. The adder closely misses you.
You see here a +0 mace.
The adder bites you. The adder bites you.
You are poisoned.
The adder poisons you!
Your magical contamination has completely faded away.
Casting: Foxfire (safe; 9% risk of failure)
Confirm with . or Enter, or press ? or * to list all spells.
You conjure some foxfire!
You feel sick. The adder misses you.
Unknown command.
You miss the adder.
The adder is heavily wounded.
* * * LOW HITPOINT WARNING * * *
You feel sick.
The foxfire hits the adder.
The adder is heavily wounded.
The foxfire hits the adder.
The adder is almost dead.
The adder barely misses you.
* * * LOW HITPOINT WARNING * * *
You feel sick. The adder bites you.
* * * LOW HITPOINT WARNING * * *
You are more poisoned.
The adder poisons you!
You die...

..#.# #............'.........##
..#.# ######..)########........
..#.# #...# #...##### ###.###
#...# #...# ..#...# #...# #...#
#.#.### #...# ###.#####
#.#...########..S##########......
#.#.#........#...#........#......
#.#.##########..@########.#......
#.#.# #...# #........ #.#.# #...#
######### #...# #...# ###.# #...#
#.##########...########
#.....................#
#.##################### ###


You could see an adder.

Vanquished Creatures
  2 ball pythons (D:1)
  An endoplasm (D:2)
  2 goblins (D:2)
  3 hobgoblins
  A quokka (D:1)
  3 bats
  3 kobolds
  3 rats
18 creatures vanquished.

Vanquished Creatures (others)
  61 foxfires
61 creatures vanquished.

Grand Total: 79 creatures vanquished

Notes
Turn   | Place    | Note
-------+----------+-------------------------------------------
     0 | D:1      | crazypyro the Vampire Fire Elementalist began the quest for
                  | the Orb.
     0 | D:1      | Reached XP level 1. HP: 13/13 MP: 3/3
   178 | D:1      | Found a faded altar of an unknown god.
   643 | D:1      | Found Totziezo's Assorted Antiques.
   760 | D:1      | Reached XP level 2. HP: 19/19 MP: 1/5
  1278 | D:2      | Noticed a phantom
  1313 | D:2      | Reached skill level 1 in Conjurations
  1560 | D:1      | Succumbed to an adder's poison

Illustrated notes

Levels and vault maps discovered:
D:1:      mrwooster_arrival_statue, layout_basic,
          shapermc_ecumenical_altar_mp_highgroup, serial_shops,
          nicolae_shop_advertising_works [nicolae_subvault_shop_adworks],
          serial_co_window_serial, co_window_corner_a,
          co_window_of_opportunity_a, co_window_corner_a, co_window_corner_a,
          co_window_paths_b, co_window_corner_a, co_window_paths_b,
          co_window_unsneaky_path_e, co_window_of_opportunity_c,
          co_window_unsneaky_path_b, co_window_broadway_b, glass_columns_a,
          glass_columns_b, minivault_19
D:2:      layout_loops_ring, minmay_tripent

Skill      XL: |  1  2 |
---------------+-------+-----
Conjurations   | 1 |  1.0
Dodging        | |  2.2
Stealth        | |  3.0
Spellcasting   | |  2.3
Fire Magic     | |  2.8

Action                   || total
-------------------------++-------
Melee: Whip              ||     9
 Cast: Foxfire           ||    38
Armor: Robe              ||     9
Dodge: Dodged            ||    33
